 Dungeon Crawl Stone Soup version 0.23-a0-619-g281719c (console) character file.

23 Duffy the Skirmisher (level 2, -3/28 HPs)
             Began as a Naga Fighter on Dec 22, 2018.
             Slain by a howler monkey (5 damage)
             ... on level 2 of the Dungeon.
             The game lasted 00:00:34 (664 turns).

Duffy the Skirmisher (Naga Fighter)                  Turns: 664, Time: 00:00:34

Health: -3/28      AC:  4    Str: 18    XL:     2   Next: 95%
Magic:  2/2        EV:  5    Int:  8    God:
Gold:   57         SH:  8    Dex: 10    Spells: 1/1 levels left

rFire    . . .     SeeInvis +   a - +0 war axe
rCold    . . .     Gourm    .   c - +0 shield
rNeg     . . .     Faith    .   b - +0 scale mail
rPois    +         Spirit   .   (no helmet)
rElec    .         Reflect  .   (no cloak)
rCorr    .         Harm     .   (no gloves)
MR       .....                  (no barding)
Stlth    ..........             (no amulet)
HPRegen  0.09/turn              h - ring of attention (curse)
MPRegen  0.08/turn              (no ring)

@: very slow
A: large, see invisible, deformed body, poison resistance, slowness 2, slow
metabolism 1, spit poison 1, AC +0
a: Spit Poison


You were on level 2 of the Dungeon.
You were not hungry.

You visited 1 branch of the dungeon, and saw 2 of its levels.

You collected 57 gold pieces.

Inventory:

Hand Weapons
 a - a +0 war axe (weapon)
Armour
 b - a +0 scale mail (worn)
 c - a +0 shield (worn)
Jewellery
 h - a cursed ring of attention (left hand)
Scrolls
 i - a scroll of identify {unknown}
 l - a scroll of magic mapping {unknown}
Potions
 d - a potion of might
 e - a potion of curing {unknown}
 j - a potion of lignification {unknown}
 k - a potion of heal wounds {unknown}
Comestibles
 f - 3 rations
 g - 5 chunks of flesh


   Skills:
 - Level 3.0 Fighting
 + Level 2.7 Axes
 - Level 2.4 Armour
 + Level 2.9 Shields


You had one spell level left.
You didn't know any spells.
Your spell library was empty.

Dungeon Overview and Level Annotations

Branches:
Dungeon (2/15)

Altars:


Innate Abilities, Weirdness & Mutations

You cannot wear boots.
Your serpentine skin is tough. (AC +0)
You have supernaturally acute eyesight. (SInv)
Armour fits poorly on your strangely shaped body.
Your system is resistant to poisons. (rPois)
You cover ground very slowly.
You have a slow metabolism.
You can spit poison.


Message History

You hit the howler monkey.
The howler monkey is severely wounded.
The howler monkey hits you.
Press: ? - help, Shift-Dir - straight line, f/p - howler monkey
Aim: a howler monkey (severely wounded)
The splash of poison misses the howler monkey.
You feel slightly more hungry.
The howler monkey hoots and howls with incredible vigour!
The howler monkey hits you.
You closely miss the howler monkey.
The howler monkey is severely wounded.
You block the howler monkey's attack.
You hit the howler monkey but do no damage.
The howler monkey is severely wounded.
You have got your breath back.
The howler monkey barely misses you. The howler monkey hits you.
You hit the howler monkey.
The howler monkey is almost dead.
The howler monkey hits you.
You die...

#.# #.# ### #.# #.. #.#
#.# #.# #.# ##.## #####
#.# ##...##
......#######.####..#..##
#....h@..........#...#.#
.....########.####.###.##
##. #.# ##.#.## #.# #..##
..#####..# #........#
..######.# ..# #.# #.#


You could see a howler monkey.

Vanquished Creatures
  A worm (D:2)
  2 leopard geckos (D:1)
  3 bats (D:1)
  4 goblins (D:1)
  A hobgoblin (D:1)
  2 kobolds (D:1)
  A frilled lizard (D:1)
  3 rats (D:1)
17 creatures vanquished.

Notes
Turn   | Place    | Note
-------+----------+-------------------------------------------
     0 | D:1      | Duffy the Naga Fighter began the quest for the Orb.
     0 | D:1      | Reached XP level 1. HP: 21/21 MP: 1/1
    87 | D:1      | Reached XP level 2. HP: 28/28 MP: 2/2
   649 | D:2      | Noticed a howler monkey
   664 | D:2      | Slain by a howler monkey

Vault maps used:
D:1:      saegor_arrival_simple_b, palyth_stone_intersect
D:2:      lemuel_coloured_pillars_altar, first_ration, uniq_sigmund

Action                   || total
-------------------------++-------
Melee: War axe           ||    53
 Abil: Spit Poison       ||     3
Armor: Scale mail        ||    22
Dodge: Dodged            ||    11
Block: Shield            ||    21

Table legend:
 A = Non-vault XP
 B = Vault XP
 C = Vault XP percentage of total XP
 D = Non-vault monster count
 E = Vault monster count
 F = Vault count percentage of total count
                 A         B        C        D         E       F
            +---------+---------+-------+---------+---------+-------
      Total |      33 |       0 |   0.0 |      17 |       0 |   0.0
            +---------+---------+-------+---------+---------+-------
        D:1 |      28 |       0 |   0.0 |      16 |       0 |   0.0
        D:2 |       5 |       0 |   0.0 |       1 |       0 |   0.0
            +---------+---------+-------+---------+---------+-------
